[Event "Balkan Youth Online-ch 2020"]
[Site "Online"]
[Date "2020.10.31"]
[Round "5.93"]
[White "Shqau, Olta"]
[Black "Eftovska, Lea"]
[Result "0-1"]
[ECO "E61"]
[WhiteElo "1373"]
[BlackElo "1587"]
[Annotator "NA"]
[PlyCount "82"]
[EventDate "2020.10.31"]
[EventType "swiss"]
[SourceTitle "playchess.com"]
[Source "ChessBase"]
[SourceQuality "1"]
[TimeControl "1500+5"]

1. d4 Nf6 2. Nf3 g6 3. c4 d6 4. Nc3 Bg7 5. Bf4 O-O 6. h3 Nbd7 7. e3 c6 8. Be2 Re8 9. O-O Qc7 10. Re1 e5 11. dxe5 dxe5 12. Bg3 Nh5 13. Bh2 Qb6 14. Qc2 f5 15. Rad1 Nhf6 16. Na4 Qb4 17. a3 Qe7 18. b4 Ne4 19. Nd2 Ndf6 20. Nc3 Nxc3 21. Qxc3 e4 22. c5 Nd5 23. Qc4 Be6 24. Bd6 Qf7 25. Qc2 Nc3 26. Rc1 Rad8 27. Nb1 Bb3 28. Qd2 Nxe2+ 29. Qxe2 Be5 30. Qd2 Bxd6 31. cxd6 Bd5 32. Qd4 Rxd6 33. Qxa7 Red8 34. Qc5 R6d7 35. Nc3 Bb3 36. Kh2 Rd2 37. Re2 Qc7+ 38. g3 b6 39. Rxd2 bxc5 40. Rxd8+ Qxd8 41. bxc5 Qd2 0-1

[Event "Balkan Youth Online-ch 2020"]
[Site "Online"]
[Date "2020.10.31"]
[Round "5.94"]
[White "Yilmaz, Duygu Sila"]
[Black "Zeycan, Alara"]
[Result "0-1"]
[ECO "C54"]
[WhiteElo "1408"]
[BlackElo "1230"]
[Annotator "NA"]
[PlyCount "62"]
[EventDate "2020.10.31"]
[EventType "swiss"]
[SourceTitle "playchess.com"]
[Source "ChessBase"]
[SourceQuality "1"]
[TimeControl "1500+5"]

1. e4 e5 2. Nf3 Nc6 3. Bc4 Bc5 4. c3 d6 5. d3 Nf6 6. Nbd2 Bg4 7. h3 Bh5 8. O-O O-O 9. Re1 Ne7 10. g4 Bg6 11. Nf1 c6 12. Bb3 Qb6 13. Qe2 Rae8 14. Ng3 h6 15. Rd1 Qc7 16. d4 exd4 17. cxd4 Bb6 18. Bf4 Ned5 19. Bxd5 Nxd5 20. Bd2 Re6 21. Qd3 Nf6 22. Re1 Rfe8 23. Rac1 Nxe4 24. Qc4 d5 25. Qb4 Ba5 26. Qxa5 b6 27. Qb4 Nxg3 28. fxg3 Qxg3+ 29. Kf1 Qxf3+ 30. Kg1 Qg3+ 31. Kf1 Bd3+ 0-1

[Event "Balkan Youth Online-ch 2020"]
[Site "Online"]
[Date "2020.10.31"]
[Round "6.2"]
[White "Lafkidis, Apostolos"]
[Black "Sevig, Mert Can"]
[Result "1-0"]
[ECO "A31"]
[WhiteElo "1497"]
[BlackElo "1472"]
[Annotator "NA RC"]
[PlyCount "185"]
[EventDate "2020.10.31"]
[EventType "swiss"]
[SourceTitle "playchess.com"]
[Source "ChessBase"]
[SourceQuality "1"]
[TimeControl "1500+5"]

1. e4 c5 2. Nf3 d6 3. d4 cxd4 4. Nxd4 Nf6 5. f3 a6 6. c4 e6 7. Nc3 Be7 8. Be3 O-O 9. Be2 Nbd7 10. O-O Qc7 11. Qd2 b6 12. Rfd1 Bb7 13. Rac1 Rac8 14. b3 Rfd8 15. Bf1 Ne5 16. Qf2 Qd7 17. Nde2 b5 18. cxb5 axb5 19. Nd4 b4 20. Bb5 Bc6 21. Bxc6 Nxc6 22. Na4 Qb7 23. Nxc6 Rxc6 24. Rxc6 Qxc6 25. Rc1 Qb7 26. Qc2 Ne8 27. Bb6 Ra8 28. Qc6 Qxc6 29. Rxc6 Kf8 30. Kf2 Bf6 31. Ke3 Ke7 32. g3 Kd7 33. Rc2 Bc3 34. Nxc3 bxc3 35. Bd4 e5 36. Bxc3 Nc7 37. Rd2 Nb5 38. Bxe5 f6 39. Ba1 Ra3 40. f4 Ke6 41. Bd4 g6 42. g4 f5 43. gxf5+ gxf5 44. Rc2 h5 45. e5 Ra6 46. exd6 Nxd6 47. Be5 Ne4 48. b4 Kd5 49. Kd3 Ra3+ 50. Bc3 h4 51. b5 Kc5 52. b6 Kxb6 53. Kd4 Nxc3 54. Rxc3 Rxa2 55. Rh3 Kc6 56. Ke5 Ra5+ 57. Ke6 Kc5 58. Kxf5 Kd4+ 59. Kg4 Ke4 60. Rxh4 Ra8 61. Rh5 Ra2 62. Re5+ Kd4 63. h4 Rg2+ 64. Kf5 Rh2 65. Re8 Rxh4 66. Kg5 Rh1 67. f5 Kd5 68. f6 Rg1+ 69. Kh6 Rh1+ 70. Kg7 Rg1+ 71. Kf7 Kd6 72. Rd8+ Kc7 73. Rd3 Rf1 74. Kg7 Rg1+ 75. Kf8 Rf1 76. f7 Rg1 77. Rd4 Rg2 78. Ke7 Re2+ 79. Kf6 Rf2+ 80. Kg6 Rg2+ 81. Kf5 Rf2+ 82. Rf4 Rxf4+ 83. Kxf4 Kd7 84. f8=Q Ke6 85. Qf5+ Kd6 86. Ke4 Kc6 87. Kd4 Kd6 88. Qf6+ Kd7 89. Kd5 Kc7 90. Qc6+ Kd8 91. Qb7 Ke8 92. Ke6 Kf8 93. Qf7# 1-0

[Event "Balkan Youth Online-ch 2020"]
[Site "Online"]
[Date "2020.10.31"]
[Round "6.5"]
[White "Palaiologou, Apostolos"]
[Black "Domurcak, Doruk"]
[Result "0-1"]
[ECO "C56"]
[WhiteElo "1410"]
[BlackElo "1244"]
[Annotator "NA RC"]
[PlyCount "30"]
[EventDate "2020.10.31"]
[EventType "swiss"]
[SourceTitle "playchess.com"]
[Source "ChessBase"]
[SourceQuality "1"]
[TimeControl "1500+5"]

1. e4 e5 2. Nf3 Nc6 3. d4 exd4 4. Bc4 Nf6 5. e5 d5 6. Bb5 Ne4 7. Bxc6+ bxc6 8. Nxd4 Bc5 9. Be3 Bd7 10. Nxc6 Bxc6 11. Bxc5 Nxc5 12. Qd4 Ne6 13. Qg4 Qg5 14. Qe2 Nd4 15. Qd3 Qc1+ 0-1

[Event "Balkan Youth Online-ch 2020"]
[Site "Online"]
[Date "2020.10.31"]
[Round "6.6"]
[White "Smirnov, Maksim"]
[Black "Kovacec, Tilen"]
[Result "1/2-1/2"]
[ECO "A48"]
[WhiteElo "1139"]
[BlackElo "1183"]
[Annotator "NA RC"]
[PlyCount "115"]
[EventDate "2020.10.31"]
[EventType "swiss"]
[SourceTitle "playchess.com"]
[Source "ChessBase"]
[SourceQuality "1"]
[TimeControl "1500+5"]

1. d4 Nf6 2. Bf4 g6 3. e3 Bg7 4. Nf3 O-O 5. c3 d5 6. Be2 c5 7. O-O cxd4 8. exd4 Nc6 9. Bd3 Bd7 10. Nbd2 Rc8 11. Re1 a6 12. Ne5 Nxe5 13. Bxe5 Ne8 14. Bxg7 Kxg7 15. Nf3 Bg4 16. h3 Bxf3 17. Qxf3 Nf6 18. Qe3 e6 19. Qe5 Qc7 20. Qe3 Nd7 21. Rac1 Qb6 22. Rb1 Rc6 23. Qg5 Qd8 24. Qf4 Qf6 25. Qg3 Rfc8 26. Qg4 b5 27. a3 Nb6 28. Qg3 Nc4 29. Bxc4 Rxc4 30. Qd6 R4c6 31. Qg3 Qe7 32. Qe5+ Qf6 33. Qg3 a5 34. Qd3 Rb8 35. Rec1 b4 36. cxb4 Rxc1+ 37. Rxc1 axb4 38. axb4 Rxb4 39. Qa3 Qxd4 40. b3 Qb6 41. Rb1 e5 42. Qb2 d4 43. Qe2 Qb5 44. Qe4 d3 45. Qe1 e4 46. Qc3+ Kf8 47. Qc8+ Ke7 48. Qc7+ Qd7 49. Qc5+ Qd6 50. Qg5+ f6 51. Qh6 d2 52. Qxh7+ Ke6 53. Qg8+ Kf5 54. Rd1 Rd4 55. g4+ Kg5 56. h4+ Kxg4 57. Qxg6+ Kxh4 58. Kg2 1/2-1/2

[Event "Balkan Youth Online-ch 2020"]
[Site "Online"]
[Date "2020.10.31"]
[Round "6.7"]
[White "Alimema, Alvin"]
[Black "Stefanoski, Daniel"]
[Result "0-1"]
[ECO "C50"]
[WhiteElo "1110"]
[BlackElo "1129"]
[Annotator "NA RC"]
[PlyCount "102"]
[EventDate "2020.10.31"]
[EventType "swiss"]
[SourceTitle "playchess.com"]
[Source "ChessBase"]
[SourceQuality "1"]
[TimeControl "1500+5"]

1. e4 e5 2. Nf3 Nc6 3. Bc4 Bc5 4. d3 Nf6 5. Nc3 h6 6. Be3 d6 7. h3 Bb6 8. Qd2 O-O 9. g4 Nd4 10. Nh4 Nxe4 11. Nxe4 Qxh4 12. Bxd4 Bxd4 13. c3 Bb6 14. Ng3 Bd7 15. O-O-O Bc6 16. Rhg1 Bf3 17. Rdf1 Qxh3 18. Nf5 d5 19. Bxd5 Bxd5 20. Ne7+ Kh8 21. Nxd5 Rad8 22. Rh1 Qxh1 23. Rxh1 Rxd5 24. g5 h5 25. Rxh5+ Kg8 26. Qe2 Rfd8 27. Kc2 Rxd3 28. Qxd3 Rxd3 29. Kxd3 Bxf2 30. Ke4 Bg3 31. c4 Kf8 32. Rh8+ Ke7 33. Rc8 Kd7 34. Rg8 g6 35. Rf8 Ke6 36. Re8+ Kd7 37. Rxe5 Bxe5 38. Kxe5 Ke7 39. c5 b6 40. b4 bxc5 41. bxc5 c6 42. a3 a6 43. a4 a5 44. Kd4 Ke6 45. Ke4 f5+ 46. Kd4 f4 47. Ke4 f3 48. Kxf3 Kf5 49. Kg3 Kxg5 50. Kf3 Kh4 51. Kg2 Kg4 0-1